 Dungeon Crawl Stone Soup version 0.31-a0-233-g139696dc86 (webtiles) character file.

Game seed: 15057464679804612093

66 qw the Shooter (level 3, 0/29 HPs)
             Began as a Minotaur Hexslinger on July 8, 2023.
             Slain by an adder (1 damage)
             ... on level 2 of the Dungeon.
             The game lasted 00:00:20 (1220 turns).

qw the Shooter (Minotaur Hexslinger)                Turns: 1220, Time: 00:00:21

Health: 0/29       AC:  6    Str: 12    XL:     3   Next: 96%
Magic:  3/3        EV: 11    Int: 10    God:
Gold:   67         SH:  0    Dex: 14    Spells: 3/4 levels left

rFire   . . .        Y - +1 sling
rCold   . . .        (no shield)
rNeg    . . .        e - +0 ring mail
rPois   .            (helmet restricted)
rElec   .            g - +0 cloak
rCorr   .            (no gloves)
SInv    .            (no boots)
Will    .....        f - amulet of the acrobat
Stlth   +            (no ring)
HPRegen 0.24/turn    (no ring)
MPRegen 0.08/turn

%: acrobat
@: lethally poisoned (0 -> -1)
A: horns 2, retaliatory headbutt
a: no special abilities


You were on level 2 of the Dungeon.
You visited 1 branch of the dungeon, and saw 2 of its levels.

You collected 67 gold pieces.


Innate Abilities, Weirdness & Mutations

You have a pair of horns on your head.
You reflexively headbutt those who attack you in melee.


   Skills:
 - Level 2.0 Fighting
 + Level 4.2 Ranged Weapons
 - Level 1.2 Armour
 - Level 2.1 Dodging
 - Level 1.0 Spellcasting
 - Level 2.0 Hexes


You had 3 spell levels left.
You knew the following spells:

 Your Spells              Type           Power      Damage    Failure   Level
a - Slow                  Hex            16%        N/A       34%         1

Your spell library contained the following spells:

 Spells                   Type           Power      Damage    Failure   Level
 Inner Flame              Hex/Fire       2%         N/A       83%         3
 Portal Projectile        Hex/Tloc       4%         N/A       83%         3
 Cause Fear               Hex            2%         N/A       98%         4

Inventory:

Hand Weapons
 Y - a +1 sling (weapon)
Armour
 e - a +0 ring mail (worn)
 g - a +0 cloak (worn)
Jewellery
 b - a ring of positive energy
 f - an amulet of the acrobat (around neck)
Scrolls
 a - 2 scrolls of identify
 c - a scroll of revelation {unknown}
Potions
 h - a potion of resistance {unknown}

Dungeon Overview and Level Annotations

Branches:
Dungeon (2/15)

Altars:


Message History

You feel sick. The adder closely misses you.
The adder bites you but does no damage. x2; The adder barely misses you.
You furiously retaliate!
You headbutt the adder.
You kill the adder!
Your Armour skill increases to level 1!
You shoot a sling bullet. The sling bullet misses the adder. x2
You feel sick. The adder closely misses you.
You shoot a sling bullet.
The sling bullet closely misses the adder.
You feel sick. The adder closely misses you.
The adder bites you but does no damage. The adder bites you.
You are more poisoned.
The adder poisons you!
You shoot a sling bullet.
The sling bullet closely misses the adder.
You feel sick. The adder closely misses you. The adder bites you.
You are more poisoned.
The adder poisons you! The adder bites you but does no damage.
You shoot a sling bullet. The sling bullet misses the adder.
You feel very sick. The adder bites you but does no damage.
The adder closely misses you. The adder misses you.
The adder bites you but does no damage.
You shoot a sling bullet.
The sling bullet barely misses the adder.
You feel sick. The adder bites you. The adder bites you but does no damage.
You shoot a sling bullet.
The sling bullet barely misses the adder.
You feel sick. The adder bites you but does no damage.
The adder closely misses you. The adder misses you. The adder bites you.
You shoot a sling bullet. The sling bullet hits the adder.
The adder is moderately wounded.
You feel sick.
The adder bites you but does no damage. x2
The adder closely misses you. The adder bites you but does no damage.
You shoot a sling bullet.
The sling bullet barely misses the adder.
You feel sick. The adder barely misses you. The adder bites you.
You shoot a sling bullet. The sling bullet hits the adder.
The adder is heavily wounded.
You feel sick. The adder bites you but does no damage. The adder bites you.
You die...

#...###.# #.#
#..#...#####.#
.#............#
..........######
###.#.....#
#.##...#####
............#####
................#
.#.#.........#S@#
##############S#
..# ...# .....
...... .......#
#.......#


You could see 2 adders.

Vanquished Creatures
  Jessica (D:2)
  An adder (D:2)
  A dart slug (D:2)
  2 ball pythons (D:1)
  A bat (D:1)
  2 endoplasms (D:1)
  A giant cockroach (D:1)
  3 goblins (D:1)
  2 hobgoblins
  8 jackals (D:1)
  3 rats (D:1)
25 creatures vanquished.

Notes
Turn   | Place    | Note
-------+----------+-------------------------------------------
     0 | D:1      | qw the Minotaur Hexslinger began the quest for the Orb.
     0 | D:1      | Reached XP level 1. HP: 16/16 MP: 1/1
     0 | D:1      | 0 ||| qw: Version: 0.3-a-46-gb1f654a
     0 | D:1      | 0 ||| qw: Game counter: 3383
     0 | D:1      | 0 ||| qw: Melee chars always use a shield: true
     0 | D:1      | 0 ||| qw: God list: Okawaru
     0 | D:1      | 0 ||| qw: Allow faded altars: false
     0 | D:1      | 0 ||| qw: Do Orc after clearing Dungeon:15 true
     0 | D:1      | 0 ||| qw: Do second Lair branch before Depths: true
     0 | D:1      | 0 ||| qw: Lair rune preference: random
     0 | D:1      | 0 ||| qw: Goals: Normal
     0 | D:1      | 0 ||| PLANNING D:1-11
   138 | D:1      | Reached skill level 3 in Ranged Weapons
   145 | D:1      | Reached XP level 2. HP: 23/23 MP: 2/2
   920 | D:1      | 920 ||| UPGRADING to +0 ring mail.
   930 | D:1      | 930 ||| DROPPING +0 robe.
   931 | D:1      | 931 ||| UPGRADING to +0 cloak.
   936 | D:1      | 936 ||| UPGRADING to amulet of the acrobat.
   941 | D:1      | 941 ||| READING 2 scrolls labelled IRO QUDYXZADA.
   942 | D:1      | 942 ||| DROPPING scroll of poison.
  1045 | D:2      | Noticed Jessica
  1051 | D:2      | Killed Jessica
  1052 | D:2      | Reached skill level 4 in Ranged Weapons
  1052 | D:2      | Reached XP level 3. HP: 29/29 MP: 3/3
  1212 | D:2      | Reached skill level 1 in Armour
  1217 | D:2      | HP: 6/29 [adder (2)]
  1219 | D:2      | HP: 1/29 [adder (2)]
  1220 | D:2      | Slain by an adder

Levels and vault maps discovered:
D:1:      sevenhm_arrival_forest_fort_large_4, layout_loops_ring
D:2:      layout_loops_ring, basic_altar, nicolae_half_adder, uniq_jessica

Skill      XL: |  1  2  3 |
---------------+----------+-----
Ranged Weapons | 3 4 |  4.2
Fighting       | 2 |  2.0
Armour         | 1 |  1.2
Dodging        | |  2.1
Spellcasting   | |  1.0
Hexes          | |  2.0

Action                     || total
---------------------------++-------
   Fire: Sling             ||    88
    Use: Scroll            ||     1
 Armour: Robe              ||     7
         Ring mail         ||    14
  Dodge: Dodged            ||    42

Table legend:
 A = Non-vault XP
 B = Vault XP
 C = Vault XP percentage of total XP
 D = Non-vault monster count
 E = Vault monster count
 F = Vault count percentage of total count
                 A         B        C        D         E       F
            +---------+---------+-------+---------+---------+-------
      Total |      44 |      51 |  53.7 |      23 |       2 |   8.0
            +---------+---------+-------+---------+---------+-------
        D:1 |      38 |       0 |   0.0 |      21 |       0 |   0.0
        D:2 |       6 |      51 |  89.5 |       2 |       2 |  50.0
            +---------+---------+-------+---------+---------+-------
